 Dungeon Crawl Stone Soup version 0.29.1-15-g9cfb28693d (webtiles) character file.

Game seed: 1647155675159037488

23 Hugehornet the Covered (level 3, -14/23 HPs)
             Began as a Gargoyle Fighter on Mar 23, 2023.
             Demolished by a tentacled starspawn (17 damage)
             ... on level 1 of the Abyss.
             The game lasted 00:01:28 (1229 turns).

Hugehornet the Covered (Gargoyle Fighter)           Turns: 1229, Time: 00:01:29

Health: -14/23     AC: 10    Str: 19    XL:     3   Next: 0%
Magic:  3/3        EV:  9    Int: 10    God:
Gold:   58         SH:  4    Dex:  9    Spells: 2/2 levels left

rFire   . . .      SeeInvis .   a - +0 war axe
rCold   . . .      Faith    .   c - +0 buckler
rNeg    + . .      Spirit   .   b - +0 scale mail
rPois   ∞          Reflect  .   (no helmet)
rElec   +          Harm     .   (no cloak)
rCorr   .          Rampage  .   (no gloves)
Will    .....                   (no boots)
Stlth   ..........              (no amulet)
HPRegen 0.07/turn               (no ring)
MPRegen 0.08/turn               (no ring)

@: no status effects
A: sickness immunity, AC +3, negative energy resistance 1, electricity
resistance, torment resistance 1, petrification resistance
a: no special abilities


You were on level 1 of the Abyss.
You visited 1 branch of the dungeon, and saw 2 of its levels.
You visited the Abyss 1 time.

You collected 58 gold pieces.

Inventory:

Hand Weapons
 a - a +0 war axe (weapon)
Armour
 b - a +0 scale mail (worn)
 c - a +0 buckler (worn)
Jewellery
 p - an amulet of the acrobat
Scrolls
 e - a scroll of fog {unknown}
 g - 3 scrolls of immolation {unknown}
 i - a scroll of teleportation {unknown}
 j - 4 scrolls of identify {unknown}
 n - a scroll of amnesia {unknown}
 q - a scroll of enchant weapon {unknown}
Potions
 d - a potion of might
 f - a potion of curing {unknown}
 h - 3 potions of berserk rage {unknown}
 k - a potion of mutation {unknown}
 l - 2 potions of lignification {unknown}
 m - a potion of attraction {unknown}
 o - a potion of invisibility {unknown}


   Skills:
 - Level 3.2 Fighting
 * Level 2.3 Axes
 * Level 3.8 Armour
 + Level 3.5 Shields


You had 2 spell levels left.
You didn't know any spells.
Your spell library contained the following spells:

 Spells                   Type           Power      Damage    Failure   Level
 Summon Small Mammal      Summ           0%         N/A       82%         1
 Call Canine Familiar     Summ           0%         N/A       99%         3
 Summon Guardian Golem    Hex/Summ       0%         N/A       99%         3


Dungeon Overview and Level Annotations

Branches:
Dungeon (2/15)

Altars:


Innate Abilities, Weirdness & Mutations

You are immune to sickness and miasma.
Your stone body is resilient. (AC +3)
You are immune to poison.
You resist negative energy. (rN+)
You are resistant to electric shocks. (rElec)
You are resistant to unholy torment.
You are immune to petrification.


Message History

Increase (S)trength, (I)ntelligence, or (D)exterity?
You feel clever. x2
You see here a bat corpse.
You now have 55 gold pieces (gained 13).
You now have 58 gold pieces (gained 3).
j - 4 scrolls labelled EZESIOWOST (gained 2)
Found a stone staircase leading down.
q - a scroll labelled KITSAE XAGAHUE A kobold comes into view.
It is wielding a +2 short sword of distortion.
The kobold shouts!
Found 8 stones.
The kobold barely misses you.
You barely miss the kobold. The kobold hits you but does no damage.
Space warps around you.
The kobold hits you with a +2 short sword of distortion.
You closely miss the kobold. The kobold hits you but does no damage.
You are cast into the Abyss!
This branch contains the abyssal rune of Zot.
No target in view!
No target in view!
No target in view!
No target in view!
HP restored.
A tentacled starspawn comes into view.
The tentacled starspawn bites you!
The tentacled starspawn tentacle-slaps you.
A kobold demonologist comes into view. It is wielding a +0 dagger.
The kobold demonologist shouts!
The kobold demonologist closely misses you.
You closely miss the kobold demonologist.
You hit the tentacled starspawn.
Tentacles burst from the starspawn's body!
The kobold demonologist hits you with a +0 dagger. 2 starspawn tentacles come into view.
The tentacled starspawn attacks as you move away!
The tentacled starspawn bites you!
* * * LOW HITPOINT WARNING * * *
The tentacled starspawn tentacle-slaps you!
Ouch! That really hurt!
You die...

## ## #.#
.####.. .#
#..#.#..#
#..K....#
#.@### .#
###.#Xw.#
##..#.#w......
#
#.....##.#####
..##..######
#.#...# ... ##
#....# ....
#..#...## #. #
#.##....## ..#


You could see a tentacled starspawn, a kobold demonologist and 2 starspawn
tentacles.

Vanquished Creatures
  An endoplasm (D:1)
  4 giant cockroaches
  A goblin (D:1)
  2 hobgoblins
  2 jackals (D:1)
  A quokka (D:1)
  2 ball pythons
  4 bats
  4 kobolds
21 creatures vanquished.

Notes
Turn   | Place    | Note
-------+----------+-------------------------------------------
     0 | D:1      | Hugehornet the Gargoyle Fighter began the quest for the
                  | Orb.
     0 | D:1      | Reached XP level 1. HP: 14/14 MP: 1/1
   410 | D:1      | Reached XP level 2. HP: 19/19 MP: 2/2
  1083 | D:2      | Reached XP level 3. HP: 22/23 MP: 3/3
  1143 | Abyss:1  | Cast into level 1 of the Abyss (kobold)
  1225 | Abyss:1  | Noticed a tentacled starspawn
  1227 | Abyss:1  | Noticed a kobold demonologist
  1229 | Abyss:1  | Demolished by a tentacled starspawn

Illustrated notes

Levels and vault maps discovered:
D:1:      nzn_arrival_crosshair, layout_basic, minmay_statues_item
D:2:      layout_loops_ring, uniq_sigmund
Abyss:1:  base:
Temple

Skill      XL: |  1 |
---------------+----+-----
Axes           | 2 |  2.3
Fighting       | |  3.2
Armour         | |  3.8
Shields        | |  3.5

Action                   || total
-------------------------++-------
Melee: War axe           ||    57
Armor: Scale mail        ||    41
Dodge: Dodged            ||    43
Block: Buckler           ||    16
